 Dungeon Crawl Stone Soup version 0.20.0-10-g0535bb4 (webtiles) character file.

163 Lochraine the Skirmisher (level 5, 0/42 HPs)
             Began as a Formicid Abyssal Knight on June 5, 2017.
             Was a Priest of Lugonu.
             Succumbed to a worker ant's poison
             ... on level 6 of the Dungeon.
             The game lasted 00:10:56 (4014 turns).

Lochraine the Skirmisher (Formicid Abyssal Knight)  Turns: 4014, Time: 00:10:57

Health: 0/42       AC:  4    Str: 17    XL:     5   Next: 73%
Magic:  6/7        EV: 12    Int: 12    God:    Lugonu [***...]
Gold:   167        SH:  0    Dex: 10    Spells: 4/4 levels left

rFire    . . .     SeeInvis +   p - +0 whip (curse)
rCold    . . .     Gourm    .   (no shield)
rNeg     . . .     Faith    .   f - +0 leather armour (curse)
rPois    .         Spirit   .   (helmet unavailable)
rElec    .         Reflect  .   (no cloak)
rCorr    .         Harm     .   (no gloves)
MR       .....                  m - +0 pair of boots {Stlth+}
Stlth    ++........             (no amulet)
Regen    0.2/turn               (no ring)
MPRegen  0.1/turn               (no ring)

@: lethally poisoned (0 -> -11)
A: permanent stasis, dig shafts and tunnels, four strong arms, antennae 3
a: Dig, Shaft Self, Depart the Abyss, Bend Space, Banish, Renounce Religion


You were on level 6 of the Dungeon.
You worshipped Lugonu.
Lugonu was most pleased with you.
You were near starving.

You visited 1 branch of the dungeon, and saw 5 of its levels.
You visited the Abyss 1 time.

You collected 167 gold pieces.

Inventory:

Hand Weapons
 a - a +1 hand axe
 b - a +2 hunting sling of velocity
   (You found it on level 1 of the Dungeon)
 p - a cursed +0 whip (weapon)
   (You found it on level 2 of the Dungeon)
Missiles
 i - 85 stones (quivered)
 r - a throwing net {!f}
Armour
 f - a cursed +0 leather armour (worn)
   (You found it on level 3 of the Dungeon)
 j - a +1 leather armour
 m - a +0 pair of boots of stealth (worn)
   (You found it on level 2 of the Dungeon)
 u - a +0 chain mail
   (You found it on level 3 of the Dungeon)
Wands
 d - a wand of polymorph (11/24)
   (You found it on level 3 of the Dungeon)
Scrolls
 c - 2 scrolls of identify {@r1}
 e - a scroll of enchant armour
 v - 4 scrolls of teleportation {@r4}
Comestibles
 n - 2 fruits
 q - 3 bread rations


   Skills:
 + Level 4.2 Fighting
 - Level 3.6 Axes
 * Level 0.2(2.1) Maces & Flails
 + Level 2.6 Armour
 - Level 1.9 Dodging
 + Level 3.2 Invocations


You had 4 spell levels left.
You didn't know any spells.

Dungeon Overview and Level Annotations

Branches:
Dungeon (4/15)
 Temple: D:4-7

Altars:
Fedhas
Hepliaklqana
Uskayaw
Yredelemnul

Annotations:
D:3 kalagan's ghost, weakling FeBe


Innate Abilities, Weirdness & Mutations

You cannot be hasted, slowed, berserked, paralysed or teleported.
You can dig through walls and to a lower floor.
Your four strong arms can wield two-handed weapons with a shield.
You have a pair of large antennae on your head. (SInv)


Message History

You feel sick. The worker ant barely misses you.
You hit the worker ant. The worker ant bites you.
You are more poisoned.
The worker ant poisons you! The worker ant closely misses you.
You hit the worker ant but do no damage.
You feel sick. The worker ant bites you.
* * * LOW HITPOINT WARNING * * *
You are more poisoned.
The worker ant poisons you!
You are too injured to fight recklessly!
You are too injured to fight recklessly!
You are too injured to fight recklessly!
You aren't carrying any potions.
Aim: a worker ant (heavily wounded, chance to defeat MR: 54%)
The worker ant resists with significant effort.
Evoking this partially-identified wand wasted a few charges.
* * * LOW HITPOINT WARNING * * *
You feel sick. The worker ant barely misses you.
Aim: a worker ant (heavily wounded, chance to defeat MR: 54%)
The worker ant evaporates and reforms as a scorpion!
Evoking this partially-identified wand wasted a few charges.
* * * LOW HITPOINT WARNING * * *
You feel sick.
The scorpion stings you but does no damage.
You closely miss the scorpion.
* * * LOW HITPOINT WARNING * * *
You feel sick. The scorpion barely misses you.
Okay, then.
Space bends around you!
You blink.
* * * LOW HITPOINT WARNING * * *
You feel sick.
Okay, then.
Okay, then.
You aren't carrying any potions.
Unknown command.
Unknown command.
Unknown command.
Are you sure you want to shaft yourself?
You are near starving!
* * * LOW HITPOINT WARNING * * *
You feel sick. The scorpion stings you.
* * * LOW HITPOINT WARNING * * *
You begin to dig a shaft.
You continue digging a shaft.
* * * LOW HITPOINT WARNING * * *
You feel sick. The scorpion stings you!
* * * LOW HITPOINT WARNING * * *
A shaft appears beneath you!
You fall through a shaft for 2 floors!
The shaft crumbles and collapses.
You die...

.....
..[..
......
#...$.
#.....###
........#
........+
.......@#
######.##
#. #. #.
#. #. #.


There were no monsters in sight!

Vanquished Creatures
  An orc wizard (D:3)
  A gnoll (D:1)
  An adder (D:2)
  2 oozes (D:1)
  2 dart slugs (D:1)
  3 worms (D:3)
  10 orcs
  4 giant cockroaches
  8 goblins
  5 hobgoblins
  4 jackals
  9 kobolds
  A quokka (D:3)
  10 bats
  6 frilled lizards
  9 rats
  A spectral orc (D:2)
77 creatures vanquished.

Vanquished Creatures (others)
  A worker ant (D:4)
1 creature vanquished.

Grand Total: 78 creatures vanquished

Notes
Turn   | Place    | Note
-------+----------+-------------------------------------------
     0 | Abyss:1  | Lochraine the Formicid Abyssal Knight began the quest for the Orb.
     0 | Abyss:1  | Reached XP level 1. HP: 18/18 MP: 2/2
    37 | D:1      | Escaped the Abyss
   138 | D:1      | Reached XP level 2. HP: 16/24 MP: 3/3
   414 | D:1      | Reached XP level 3. HP: 11/29 MP: 4/4
   618 | D:1      | Reached skill level 1 in Dodging
  1057 | D:1      | Reached ** piety under Lugonu
  1170 | D:2      | Reached XP level 4. HP: 32/37 MP: 5/5
  1807 | D:2      | Found a basalt altar of Yredelemnul.
  2191 | D:3      | Reached *** piety under Lugonu
  2213 | D:3      | Reached XP level 5. HP: 6/42 MP: 5/7
  2220 | D:3      | Reached skill level 4 in Fighting
  2570 | D:3      | Noticed kalagan's ghost (weakling FeBe)
  2634 | D:3      | You fall through a shaft!
  2935 | D:3      | Found a hazy altar of Hepliaklqana.
  2977 | D:3      | Found a hide-covered altar of Uskayaw.
  3535 | D:4      | Found a blossoming altar of Fedhas.
  4013 | D:4      | HP: 1/42 [scorpion (7)]
  4014 | D:4      | You fall through a shaft for 2 floors!
  4014 | D:6      | Succumbed to a worker ant's poison

Skill      XL: |  1  2  3  4  5 |
---------------+----------------+-----
Dodging        | 1 |  1.9
Axes           | 3 |  3.6
Fighting       | 4 |  4.2
Invocations    | 3 |  3.2
Maces & Flails | |  0.2
Armour         | |  2.6

Action                   |  1- 3 |  4- 6 || total
-------------------------+-------+-------++-------
Melee: Hand axe          |    68 |       ||    68
       Whip              |       |    64 ||    64
 Fire: Hunting sling     |       |   154 ||   154
Throw: Throwing net      |       |     1 ||     1
Invok: Bend Space        |       |     5 ||     5
       Banish            |       |     1 ||     1
 Abil: Shaft Self        |       |     2 ||     2
Evoke: Wand              |       |     2 ||     2
  Use: Scroll            |       |    10 ||    10
       Potion            |       |     6 ||     6
 Stab: Sleeping          |       |     1 ||     1
  Eat: Chunk             |     1 |     5 ||     6
       Royal jelly       |       |     1 ||     1
       Fruit             |       |     1 ||     1
Armor: Leather armour    |    24 |    14 ||    38
       Chain mail        |       |    37 ||    37
       Skin              |       |    21 ||    21
Dodge: Dodged            |    50 |    59 ||   109
